 Dungeon Crawl Stone Soup version 0.27-a0-1219-g958d993ae5 (webtiles) character file.

Game seed: 9320261236527523425

145 bande the Covered (level 5, -9/33 HPs)
             Began as a Gargoyle Fighter on June 7, 2021.
             Killed by divine providence
             ... invoked by an orc priest
              (13 damage)
             ... on level 3 of the Dungeon.
             The game lasted 00:03:48 (3030 turns).

bande the Covered (Gargoyle Fighter)                Turns: 3030, Time: 00:03:48

Health: -9/33      AC: 12    Str: 19    XL:     5   Next: 27%
Magic:  5/5        EV:  7    Int:  9    God:
Gold:   91         SH: 10    Dex: 10    Spells: 4/4 levels left

rFire    . . .     SeeInvis .   a - +0 war axe
rCold    . . .     Faith    .   c - +1 kite shield
rNeg     + . .     Spirit   .   b - +0 scale mail
rPois    ∞         Reflect  .   (no helmet)
rElec    +         Harm     .   f - +0 cloak
rCorr    .         Rampage  .   (no gloves)
Will     .....                  (no boots)
Stlth    ..........             (no amulet)
HPRegen  0.11/turn              (no ring)
MPRegen  0.09/turn              (no ring)

@: no status effects
A: sickness immunity, AC +4, negative energy resistance 1, electricity
resistance, torment resistance 1, petrification resistance
a: no special abilities


You were on level 3 of the Dungeon.
You visited 1 branch of the dungeon, and saw 4 of its levels.

You collected 91 gold pieces.

Inventory:

Hand Weapons
 a - a +0 war axe (weapon)
 g - a +0 flail
 j - a +0 war axe
Armour
 b - a +0 scale mail (worn)
 c - a +1 kite shield (worn)
 f - a +0 cloak (worn)
Jewellery
 i - a +6 ring of intelligence
Wands
 k - a wand of charming (6)
Scrolls
 e - a scroll of identify
Potions
 d - a potion of might
 h - a potion of flight {unknown}


   Skills:
 + Level 3.7 Fighting
 + Level 3.0 Axes
 + Level 4.2 Armour
 + Level 0.3 Dodging
 + Level 4.0 Shields
 * Level 1.2 Evocations


You had 4 spell levels left.
You didn't know any spells.
Your spell library was empty.

Dungeon Overview and Level Annotations

Branches:
Dungeon (4/15)
 Temple: D:4-7

Altars:
Ashenzari
Sif Muna


Innate Abilities, Weirdness & Mutations

You are immune to sickness and miasma.
Your stone body is resilient. (AC +4)
You are immune to poison.
You resist negative energy. (rN+)
You are resistant to electric shocks. (rElec)
You are resistant to unholy torment.
You are immune to petrification.


Message History

You kill the orc!
You block the orc's attack.
You see here a +0 robe.
The orc closely misses you.
You hit the orc but do no damage. You block the orc's attack.
The orc hits you but does no damage.
You barely miss the orc. You block the orc's attack.
You slash the orc!
You kill the orc!
No target in view!
No target in view!
No target in view!
No target in view!
No target in view!
Things that are here:
a +0 war axe; an orc corpse
j - a +0 war axe HP restored.
An orc priest is nearby!
An orc priest is nearby!
The orc priest shouts!
The orc priest mumbles some strange prayers to Beogh against you.
Beogh smites you!
You enter the shallow water.
Moving in this stuff is going to be slow.
The orc priest mumbles some strange prayers to Beogh against you.
Beogh smites you!
* * * LOW HITPOINT WARNING * * *
You are too injured to fight recklessly!
You are too injured to fight recklessly!
You are too injured to fight recklessly!
You are too injured to fight recklessly!
You are too injured to fight recklessly!
You are too injured to fight recklessly!
You are too injured to fight recklessly!
You are too injured to fight recklessly!
Unknown command.
The orc priest calls down the wrath of Beogh upon you.
Beogh smites you!
You die...

..#.....# ..#.....#######
#.#...........#
#.#...........#
#.#...........# #########
#.#...........# #........
...†..........# #.########
##............###........##
##..†...........@..≈...≈..#
...>[.)...######...........
..####.#### #......o...⌠
#.####.# #...........
#.#....# ##..≈...≈..#
#.#.#### #........##
#.#.### #.######## ......#
#.. #...#.### ##


You could see an orc priest.

Vanquished Creatures
  Terence (D:2)
  5 adders
  A worm (D:2)
  2 dart slugs (D:2)
  4 orcs
  7 ball pythons
  6 endoplasms
  4 giant cockroaches
  5 hobgoblins
  2 jackals (D:2)
  3 quokkas
  4 bats
  4 frilled lizards
  6 goblins
  2 kobolds (D:2)
  7 rats
63 creatures vanquished.

Notes
Turn   | Place    | Note
-------+----------+-------------------------------------------
     0 | D:1      | bande the Gargoyle Fighter began the quest for the Orb.
     0 | D:1      | Reached XP level 1. HP: 14/14 MP: 1/1
   342 | D:1      | Reached XP level 2. HP: 19/19 MP: 2/2
  1410 | D:2      | Reached XP level 3. HP: 17/23 MP: 3/3
  1672 | D:2      | Found a faded altar of an unknown god.
  2026 | D:2      | Noticed Terence
  2032 | D:2      | Killed Terence
  2033 | D:2      | Reached XP level 4. HP: 29/29 MP: 4/4
  2703 | D:3      | Reached XP level 5. HP: 33/33 MP: 5/5
  2764 | D:3      | Found a shimmering blue altar of Sif Muna.
  2764 | D:3      | Found a broken altar of Ashenzari.
  2829 | D:3      | Reached skill level 1 in Evocations
  3030 | D:3      | Killed from afar by an orc priest

Illustrated notes

Levels and vault maps discovered:
D:1:      minmay_arrival_semitransparent, layout_basic
D:2:      layout_loops_cross, shapermc_ecumenical_altar_mp_highgroup,
          uniq_terence
D:3:      cheibrodos_pilgrimage, layout_basic, jmf_multi_god_temple
D:4:      layout_basic, vehumet_altar_wand_db, minmay_temple_entry_sparse_star,
          grunt_ministairs_8, uniq_sigmund, uniq_natasha, uniq_grinder

Skill      XL: |  1  2  3  4  5 |
---------------+----------------+-----
Axes           | 2 3 |  3.0
Armour         | 4 |  4.2
Evocations     | 1 |  1.2
Shields        | 4 |  4.0
Fighting       | |  3.7
Dodging        | |  0.3

Action                   |  1- 3 |  4- 6 || total
-------------------------+-------+-------++-------
Melee: War axe           |   109 |    82 ||   191
  Use: Scroll            |     6 |     1 ||     7
Armor: Scale mail        |    57 |    47 ||   104
Dodge: Dodged            |    38 |    29 ||    67
Block: Kite shield       |    52 |    67 ||   119

Table legend: (Time is in decaauts)
 A = Elapsed time spent in this place.
 B = Non-inter-level travel time spent in this place.
 C = Inter-level travel time spent in this place.
 D = Time resting spent in this place.
 E = Time spent auto-exploring this place.
 F = Levels seen in this place.
 G = Mean time per level.
                   A        B        C        D        E       F      G
               +--------+--------+--------+--------+--------+-----+--------+
         Total |   3147 |   3050 |     97 |    192 |   2273 |   4 |  786.8 |
       Dungeon |   3147 |   3050 |     97 |    192 |   2273 |   4 |  786.8 |
               +--------+--------+--------+--------+--------+-----+--------+

Top non-repeatable levels by time:
     D:1: 1403 daAuts
     D:2: 1324 daAuts
     D:3: 392 daAuts
     D:4: 27 daAuts
